 Dungeon Crawl Stone Soup version 0.26-a0-1164-g1a551d6a14 (webtiles) character file.

Game seed: 9412957205931681821

10 vvl the Magician (level 2, 0/19 HPs)
             Began as a Demonspawn Hedge Wizard on Dec 23, 2020.
             Slain by a scorpion (6 damage)
             ... on level 1 of the Dungeon.
             The game lasted 00:03:27 (722 turns).

vvl the Magician (Demonspawn Hedge Wizard)           Turns: 722, Time: 00:03:28

Health: 0/19       AC:  9    Str: 10    XL:     2   Next: 10%
Magic:  6/6        EV:  6    Int: 15    God:
Gold:   52         SH:  0    Dex: 12    Spells: 6/7 levels left

rFire    . . .     SeeInvis .   i - +0 whip
rCold    . . .     Faith    .   (no shield)
rNeg     . . .     Spirit   .   f - +0 chain mail (curse)
rPois    .         Reflect  .   c - +0 hat
rElec    .         Harm     .   (no cloak)
rCorr    .         Rampage  .   (no gloves)
Will     .....                  l - +0 pair of boots
Stlth    ..........             (no amulet)
HPRegen  0.06/turn              (no ring)
MPRegen  0.10/turn              (no ring)

@: no status effects
A: sturdy frame 1
a: no special abilities


You were on level 1 of the Dungeon.
You visited 1 branch of the dungeon, and saw 2 of its levels.

You collected 52 gold pieces.

Inventory:

Hand Weapons
 a - a +0 dagger
 g - a +0 hand axe
 i - a +0 whip (weapon)
Armour
 b - a +0 robe
 c - a +0 hat (worn)
 f - a cursed +0 chain mail (worn)
 l - a +0 pair of boots (worn)
Scrolls
 d - 3 scrolls of identify {unknown}
 h - a scroll of enchant armour {unknown}
 m - a scroll of amnesia {unknown}
Potions
 e - a potion of degeneration {unknown}
 j - a potion of magic {unknown}
 k - a potion of haste {unknown}


   Skills:
 + Level 1.6 Maces & Flails
 - Level 1.7 Dodging
 - Level 1.7 Stealth
 - Level 3.0 Spellcasting
 - Level 1.0 Conjurations
 - Level 1.0 Summonings
 - Level 0.8 Translocations


You had 6 spell levels left.
You knew the following spells:

 Your Spells              Type           Power        Failure   Level
a - Magic Dart            Conj           20%          98%         1

Your spell library contained the following spells:

 Spells                   Type           Power        Failure   Level
 Blink                    Tloc           N/A          99%         2
 Call Imp                 Summ           5%           99%         2
 Slow                     Hex            2%           100%        2
 Conjure Flame            Conj/Fire      3%           100%        3
 Mephitic Cloud           Conj/Pois/Air  3%           100%        3


Dungeon Overview and Level Annotations

Branches:
Dungeon (2/15)

Altars:


Innate Abilities, Weirdness & Mutations

Your movements are slightly less encumbered by armour. (ER -2)


Message History

There is a stone staircase leading down here.
The adder bites you but does no damage.
The adder bites you but does no damage. x2
The hobgoblin hits you but does no damage.
You hit the scorpion.
The scorpion is moderately wounded.
The scorpion stings you but does no damage.
You closely miss the scorpion.
The scorpion is moderately wounded.
The scorpion stings you.
You hit the scorpion but do no damage.
The scorpion is moderately wounded.
The scorpion stings you!
You closely miss the scorpion.
The scorpion is moderately wounded.
The scorpion barely misses you.
You closely miss the scorpion.
The scorpion is moderately wounded.
The scorpion stings you.
You die...

[.....'...'.....>.#.####.#
......#...#.#.##.##.##...#
......#####.#.......##.###
#'#.........#..#.#..##.#
#.#.........#.S#.#..##.#
#.#..........#.#.#####.#
#.##.........#.#.......#
#.##.........#S#########
#....######'##gs@....#
#...........########.#
............'....# #.#
............####.###.#
............# #.....#
#........#### #######
#........# #........#
#........#


You could see a scorpion, an adder and a hobgoblin.

Vanquished Creatures
  A leopard gecko (D:1)
  A bat (D:1)
  A giant cockroach (D:1)
  2 hobgoblins (D:1)
  A goblin (D:1)
  A kobold (D:1)
  2 rats (D:1)
9 creatures vanquished.

Notes
Turn   | Place    | Note
-------+----------+-------------------------------------------
     0 | D:1      | vvl the Demonspawn Hedge Wizard began the quest for the
                  | Orb.
     0 | D:1      | Reached XP level 1. HP: 13/13 MP: 4/4
    12 | D:1      | Noticed an electric eel
   280 | D:1      | Reached skill level 1 in Maces & Flails
   497 | D:1      | Gained mutation: Your movements are slightly less
                  | encumbered by armour. (ER -2) [demonic ancestry]
   497 | D:1      | Reached XP level 2. HP: 18/19 MP: 6/6
   691 | D:2      | Noticed a scorpion
   722 | D:1      | Slain by a scorpion

Illustrated notes

Levels and vault maps discovered:
D:1:      arrival_aquarium_a, layout_basic, dk_noncrumbling_4
D:2:      layout_rooms, fedhas_altar_4,
          chequers_temple_overflow_statue_of_worship,
          chequers_serial_rivers_micro_d

Skill      XL: |  1 |
---------------+----+-----
Maces & Flails | 1 |  1.6
Dodging        | |  1.7
Stealth        | |  1.7
Spellcasting   | |  3.0
Conjurations   | |  1.0
Summonings     | |  1.0
Translocations | |  0.8

Action                   || total
-------------------------++-------
Melee: Whip              ||    51
       Dagger            ||     8
 Stab: Sleeping          ||     1
Armor: Chain mail        ||    57
       Robe              ||     3
Dodge: Dodged            ||    20

Table legend: (Time is in decaauts)
 A = Elapsed time spent in this place.
 B = Non-inter-level travel time spent in this place.
 C = Inter-level travel time spent in this place.
 D = Time resting spent in this place.
 E = Time spent auto-exploring this place.
 F = Levels seen in this place.
 G = Mean time per level.
                   A        B        C        D        E       F      G
               +--------+--------+--------+--------+--------+-----+--------+
         Total |    725 |    668 |     57 |      0 |    501 |   2 |  362.5 |
       Dungeon |    725 |    668 |     57 |      0 |    501 |   2 |  362.5 |
               +--------+--------+--------+--------+--------+-----+--------+

Top non-repeatable levels by time:
     D:1: 720 daAuts
     D:2: 4 daAuts
